 Dungeon Crawl Stone Soup version 0.29.1-1-gd02db6906a (webtiles) character file.

Game seed: 10469209704840094718

45 jamesp the Grasshopper (level 3, -1/28 HPs)
             Began as a Barachi Warper on Sept 29, 2022.
             Slain by an adder (3 damage)
             ... on level 3 of the Dungeon.
             The game lasted 00:03:49 (1638 turns).

jamesp the Grasshopper (Barachi Warper)             Turns: 1638, Time: 00:03:50

Health: -1/28      AC:  3    Str: 12    XL:     3   Next: 64%
Magic:  7/7        EV: 12    Int: 15    God:
Gold:   33         SH:  0    Dex: 11    Spells: 7/7 levels left

rFire   . . .      SeeInvis .   a - +0 falchion
rCold   . . .      Faith    .   (no shield)
rNeg    . . .      Spirit   .   b - +0 leather armour
rPois   .          Reflect  .   (no helmet)
rElec   .          Harm     .   (no cloak)
rCorr   .          Rampage  .   (no gloves)
Will    .....                   (no boots)
Stlth   +.........              (no amulet)
HPRegen 0.09/turn               (no ring)
MPRegen 0.10/turn               (no ring)

@: unable to hop, attractive, slow
A: amphibious, slowness 1, strong legs 1, +LOS
a: Hop


You were on level 3 of the Dungeon.
You visited 1 branch of the dungeon, and saw 3 of its levels.

You collected 33 gold pieces.

Inventory:

Hand Weapons
 a - a +0 falchion (weapon)
Missiles
 d - 7 boomerangs of dispersal
 e - 14 stones (quivered)
 i - 8 poisoned darts
Armour
 b - a +0 leather armour (worn)
Scrolls
 c - a scroll of blinking
 f - a scroll of noise {unknown}
 g - a scroll of torment {unknown}
 j - a scroll of teleportation {unknown}
Potions
 h - a potion of attraction


   Skills:
 - Level 2.4 Fighting
 + Level 3.2 Long Blades
 - Level 1.0 Throwing
 - Level 1.2 Armour
 + Level 2.8 Dodging
 + Level 2.7 Spellcasting
 + Level 3.7 Translocations


You had 7 spell levels left.
You didn't know any spells.
Your spell library contained the following spells:

 Spells                   Type           Power      Damage    Failure   Level
 Blink                    Tloc           26%        N/A       9%          2
 Gell's Gravitas          Tloc           13%        N/A       17%         3
 Lesser Beckoning         Tloc           13%        N/A       17%         3
 Teleport Other           Tloc           13%        N/A       17%         3
 Manifold Assault         Tloc           13%        N/A       83%         5


Dungeon Overview and Level Annotations

Branches:
Dungeon (3/15)

Altars:


Innate Abilities, Weirdness & Mutations

You are amphibious.
You cover ground slowly.
You can hop short distances.
You have an extended range of vision and can be seen from far away.


Message History

The ball python is attracted toward you.
You barely miss the adder. The adder misses you. The adder bites you.
You hit the adder.
The adder is severely wounded.
A frilled lizard comes into view.
The adder barely misses you.
The frilled lizard is attracted toward you.
You hit the adder.
You kill the adder!
The frilled lizard bites you but does no damage.
Unknown command.
You barely miss the black bear. The black bear bites you.
The black bear claws you. The black bear misses you.
The frilled lizard bites you but does no damage.
The frilled lizard barely misses you. The black bear completely misses you.
The black bear claws you. The black bear barely misses you.
You barely miss the black bear. The frilled lizard closely misses you.
The black bear closely misses you. The black bear barely misses you.
The black bear claws you.
The black bear attacks as you move away!
The black bear bites you.
* * * LOW HITPOINT WARNING * * *
The black bear claws you.
* * * LOW HITPOINT WARNING * * *
The black bear claws you.
* * * LOW HITPOINT WARNING * * *
The frilled lizard misses you.
Hop to where?
Press: ? - help, Dir - move target An adder comes into view.
Boing!
The adder hisses angrily.
The adder is attracted toward you.
The frilled lizard is attracted toward you.
The black bear is attracted toward you.
The frilled lizard attacks as you move away!
The frilled lizard closely misses you.
The orc shouts!
You hear a shout! x2
The adder bites you.
You die...

.#.#.#####.#.##....#
......)......K'§...+
##....###..#.##....#
.#..............§..#
.#.#.#...#.#.#...#.#
.#.#..###..#..###h.#
.#.#..# #....o# #.##
.g....# '.....'##Sl#
.....#.S.#####..@#.#
.#.#..... #.....#
##.# (... #....§.#
......... #......#
####.#. o #...#..#
.. .+##..## .# #.
.## .# .. . .. #


You could see a black bear, an adder, an orc and a frilled lizard.

Vanquished Creatures
  2 adders
  An orc (D:3)
  2 endoplasms (D:1)
  2 goblins
  3 hobgoblins (D:1)
  3 jackals (D:1)
  A quokka (D:1)
  2 ball pythons
  2 bats (D:1)
  3 frilled lizards (D:1)
  4 kobolds
  A rat (D:1)
26 creatures vanquished.

Notes
Turn   | Place    | Note
-------+----------+-------------------------------------------
     0 | D:1      | jamesp the Barachi Warper began the quest for the Orb.
     0 | D:1      | Reached XP level 1. HP: 17/17 MP: 3/3
   182 | D:1      | Reached XP level 2. HP: 19/23 MP: 5/5
   538 | D:1      | Found a faded altar of an unknown god.
  1312 | D:2      | Reached XP level 3. HP: 24/28 MP: 6/6
  1589 | D:2      | You fall into a shaft and drop 1 floor!
  1608 | D:3      | Noticed a black bear
  1638 | D:3      | Slain by an adder

Illustrated notes

Levels and vault maps discovered:
D:1:      wander_arrival_peaceful_grave, layout_basic,
          shapermc_ecumenical_altar_venn
D:2:      layout_basic, uniq_sigmund
D:3:      layout_basic, gammafunk_ghost_necromancy, interstate_on_off,
          minmay_fractal_squares_diagonal_5, uniq_crazy_yiuf_cottage,
          uniq_jessica

Skill      XL: |  1  2 |
---------------+-------+-----
Long Blades    | 3 |  3.2
Fighting       | |  2.4
Throwing       | |  1.0
Armour         | |  1.2
Dodging        | |  2.8
Spellcasting   | |  2.7
Translocations | |  3.7

Action                   || total
-------------------------++-------
Melee: Falchion          ||    82
 Abil: Hop               ||     1
  Use: Potion            ||     2
Armor: Leather armour    ||    33
Dodge: Dodged            ||    71
